[Event "*** Titled Tuesday Blitz"]
[Site "Chess.com"]
[Date "2019.06.04"]
[Round "5"]
[White "Sanan_Sjugirov"]
[Black "DanielMieles1985"]
[Result "1-0"]
[WhiteElo "2854"]
[BlackElo "2636"]
[TimeControl "180+2"]
[EndTime "14:07:15 PDT"]
[Termination "Sanan_Sjugirov won by resignation"]

1. e4 e5 2. Nf3 Nc6 3. Bb5 a6 4. Ba4 Nf6 5. O-O Be7 6. Re1 b5 7. Bb3 d6 8. c3 O-O 9. h3 Na5 10. Bc2 c5 11. d4 Nd7 12. d5 Nb6 13. Nbd2 Qe8 14. Nf1 f5 15. exf5 Bxf5 16. Bxf5 Rxf5 17. Ng3 Rf8 18. Bg5 Nb7 19. Bxe7 Qxe7 20. Qd3 h6 21.
Rad1 Rf4 22. Nh5 Rff8 23. Ng3 Rf4 24. Re4 Raf8 25. Rxf4 Rxf4 26. b3 Qf7 27. Qd2 c4 28. b4 Nd8 29. Nh2 Qg6 30. Ng4 Qd3 31. Qc1 Qg6 32.
Qe3 Qc2 33. Rd2 Qc1+ 34. Kh2 Rf8 35. Ne4 Nc8 36. Nxh6+ gxh6 37. Qxh6 Rf4 38. Re2 Nf7 39. Nf6+ Rxf6 40. Qxc1 Ne7 41. Qd1 Kg7 42. Re3 Ng6 43. Rg3 Nh6 44. Qh5 Kh7 45. Qg5 Nf7 46. Qxf6 1-0

[Event "*** Titled Tuesday Blitz"]
[Site "Chess.com"]
[Date "2019.06.04"]
[Round "5"]
[White "lexiel"]
[Black "2165149677570"]
[Result "0-1"]
[WhiteElo "2150"]
[BlackElo "2232"]
[TimeControl "180+2"]
[EndTime "14:07:15 PDT"]
[Termination "2165149677570 won by resignation"]

1. d4 Nf6 2. Nf3 b6 3. e3 Bb7 4. Be2 g6 5. O-O Bg7 6. c4 O-O 7. b4 a5 8. bxa5 Rxa5 9. Nc3 d6 10. Qb3 Nbd7 11. Bd2 Ra8 12. a4 e5 13. a5 exd4 14.
exd4 Ne4 15. Be3 Nxc3 16. Qxc3 c5 17. axb6 Rxa1 18. Qxa1 Bxf3 19. Bxf3 cxd4 20. Bxd4 Bxd4 21. Qxd4 Qxb6 22. Qd2 Ne5 23. Bd5 Rc8 24. Qf4 Kg7 25. h4 h5 26. Re1 Qc7 27. Re4 Qe7 28. Qc1 Qf6 29. Rf4 Qe7 30. Qa1 Rc7 31. Rxf7+ Qxf7 32. Bxf7 Kxf7 33. Qd4 Nxc4 34. Qd5+ Ke7 35. f4 Rc5 36. Qg8 Kf6 37. Qf8+ Ke6 38. g3 Nd2 39. Kf2 Ne4+ 40. Kf3 Nf6 41. Qg7 Rc3+ 42. Kg2 Rc2+ 43. Kf1 Kf5 44. Qf7 d5 45. Ke1 Rc3 46. Kf2 Rc2+ 47. Ke3 Rc3+ 48. Ke2 Rxg3 49. Qc7 Ne4 50. Qe5+ Kg4 51.
Kf1 Rf3+ 52. Kg1 Rxf4 53. Qxd5 Kf3 54. Qd3+ Kg4 55. Qd8 Kh3 56. Qe7 Rg4+ 57. Kf1 Ng3+ 58. Kf2 Rf4+ 59. Ke3 Re4+ 60. Qxe4 Nxe4 61. Kxe4 Kxh4 0-1

[Event "*** Titled Tuesday Blitz"]
[Site "Chess.com"]
[Date "2019.06.04"]
[Round "5"]
[White "Swarnapuri"]
[Black "maciek_92"]
[Result "0-1"]
[WhiteElo "2696"]
[BlackElo "2691"]
[TimeControl "180+2"]
[EndTime "14:07:16 PDT"]
[Termination "maciek_92 won by resignation"]

1. d4 Nf6 2. Bf4 d5 3. e3 c5 4. c3 e6 5. Nd2 Nc6 6. Ngf3 Bd6 7. Bg3 O-O 8. Bb5 Ne7 9. Bd3 Nf5 10. Bxf5 exf5 11.
Bxd6 Qxd6 12. dxc5 Qxc5 13. O-O Ne4 14. Qc2 Be6 15. Nd4 Rac8 16. Rad1 g6 17. Qa4 a6 18.
a3 h5 19. h3 Rc7 20. Ne2 Bd7 21. Qc2 Bb5 22. Rfe1 Bxe2 23. Rxe2 Nf6 24. Nf3 b5 25. Red2 Re8 26. Rd4 Re4 27. Qb3 Rce7 28. g3 Qc7 29. Kg2 Kg7 30. R4d3 R4e6 31. Nd4 Rb6 32.
Nf3 Re4 33. Rd4 Rb8 34. Qb4 a5 35. Qb3 Qc6 36. R1d3 Qe8 37. Rd2 Rc8 38. Rd1 Kh6 39. Qc2 Qe7 40. Qd2 Kg7 41. Ng5 Rxd4 42. Qxd4 Rc4 43.
Qb6 b4 44. Qxa5 bxc3 45. bxc3 h4 46. Rd4 hxg3 47. Rxc4 dxc4 48. Qb4 Qc7 49. f4 Nd5 50. Qb2 Nxe3+ 51. Kxg3 Qc6 52. Qe2 Qc5 53. Nf3 Nd5 54.
Qe5+ f6 55. Qe6 Nxc3 56. Qd7+ Kh6 57. Nd4 Ne4+ 58. Kf3 Qxa3+ 59. Kg2 Qg3+ 0-1

[Event "*** Titled Tuesday Blitz"]
[Site "Chess.com"]
[Date "2019.06.04"]
[Round "5"]
[White "Shivagami"]
[Black "Chesska7"]
[Result "0-1"]
[WhiteElo "2083"]
[BlackElo "2135"]
[TimeControl "180+2"]
[EndTime "14:07:17 PDT"]
[Termination "Chesska7 won by resignation"]

1. d4 Nf6 2. Bf4 e6 3. e3 c5 4. c3 b6 5. Nf3 Bb7 6. Bd3 Be7 7. h3 O-O 8. O-O a6 9. Nbd2 cxd4 10. exd4 d6 11.
Qe2 Nbd7 12. Rfe1 h6 13. Rad1 Re8 14. Nc4 Qc7 15. Bh2 Bf8 16. Ne3 b5 17. Bb1 Bc6 18. c4 bxc4 19. Nxc4 Nb6 20. Ne3 Nbd5 21. Rc1 Qb7 22. Nc4 Bb5 23. b3 Nb6 24. a4 Bxc4 25.
bxc4 Nxa4 26. Nd2 Nb6 27. Ne4 Nxe4 28. Bxe4 d5 29. Bf3 Qd7 30. c5 Nc4 31. Qd3 g6 32.
Rb1 Bg7 33. Rb3 Qe7 34. Reb1 Qf6 35. Rd1 a5 36. Rb7 a4 37. Rbb1 a3 38. Rd2 Nxd2 0-1

[Event "*** Titled Tuesday Blitz"]
[Site "Chess.com"]
[Date "2019.06.04"]
[Round "5"]
[White "HanSchut"]
[Black "Komissarov_alex"]
[Result "0-1"]
[WhiteElo "2182"]
[BlackElo "2112"]
[TimeControl "180+2"]
[EndTime "14:07:22 PDT"]
[Termination "Komissarov_alex won by resignation"]

1. e4 e5 2. Nf3 Nc6 3. Bc4 Nf6 4. d4 exd4 5. e5 d5 6. Bb5 Ne4 7. Nxd4 Bc5 8. Be3 Bd7 9. Bxc6 bxc6 10. O-O O-O 11.
f3 Ng5 12. f4 Ne4 13. Nd2 f6 14. Nxe4 dxe4 15. Qe2 fxe5 16. Qc4+ Kh8 17. Qxc5 exd4 18.
Bxd4 Rf7 19. f5 Qf8 20. Qxf8+ Raxf8 21. f6 Kg8 22. Rf4 gxf6 23. Rxe4 Bf5 24. Re2 Rd7 25.
Bxa7 Ra8 26. Bf2 Kf7 27. a3 Rad8 28. h3 Rd2 29. Rae1 Bxc2 30. Re7+ Kg6 31. Rxc7 Ba4 32.
b4 Rd1 33. Ra7 Bc2 34. a4 Rb8 35. Rxd1 Bxd1 36. Bc5 Bb3 37. Kf2 Bd5 38. a5 Re8 39. Rd7 Bc4 40. Rd2 Bb5 41. Be3 Re6 42. Rd4 f5 43.
Rd8 Re4 44. Bc5 Re6 45. g3 Kf7 46. Rd7+ Kg6 47. Rg7+ Kxg7 0-1

[Event "*** Titled Tuesday Blitz"]
[Site "Chess.com"]
[Date "2019.06.04"]
[Round "5"]
[White "CzechmVIII"]
[Black "tbalabayev"]
[Result "0-1"]
[WhiteElo "2080"]
[BlackElo "2358"]
[TimeControl "180+2"]
[EndTime "14:07:22 PDT"]
[Termination "tbalabayev won by resignation"]

1. e4 c5 2. Nf3 Nc6 3. Nc3 e5 4. Bc4 Be7 5. d3 d6 6. O-O Nf6 7. Ng5 O-O 8. f4 exf4 9. Bxf4 h6 10. Nf3 Na5 11. Qe1 Be6 12. Nd5 Bxd5 13. exd5 a6 14. a3 Nxc4 15. dxc4 Re8 16. Qd2 Ne4 17. Qd3 Bg5 18. Nxg5 hxg5 19. Bd2 Qd7 20. Rae1 f5 21.
Bc1 g6 22. Qh3 Qh7 23. Qxh7+ Kxh7 24. Re2 b5 25. cxb5 axb5 26. Rfe1 Re5 27. Rd1 Rae8 28. g4 Kg7 29. gxf5 gxf5 30. Rg2 Kf6 31. h4 Rg8 32.
hxg5+ Nxg5 33. Bxg5+ Rxg5 34. Rxg5 Kxg5 35. Rd2 Kg4 36. Kf2 f4 37. b3 Re4 38. Re2 Rd4 39. c3 Rxd5 40. a4 bxa4 41. bxa4 Rd3 42. a5 Rxc3 43. Ra2 Rh3 44. Ra4 Rh2+ 45. Kf1 Kg3 46. a6 f3 47. Ke1 Rh1+ 48. Kd2 f2 49. a7 Rh8 50. Ke2 Re8+ 51. Kd2 f1=Q 0-1

[Event "*** Titled Tuesday Blitz"]
[Site "Chess.com"]
[Date "2019.06.04"]
[Round "5"]
[White "Supernotar"]
[Black "Michael_Scofield01"]
[Result "0-1"]
[WhiteElo "2558"]
[BlackElo "2737"]
[TimeControl "180+2"]
[EndTime "14:07:24 PDT"]
[Termination "Michael_Scofield01 won by resignation"]

1. d4 Nf6 2. c4 c5 3. Nf3 e6 4. d5 exd5 5. cxd5 d6 6. Nc3 g6 7. Nd2 Nbd7 8. g3 Bg7 9. Bg2 O-O 10.
O-O Re8 11. h3 a6 12. a4 Rb8 13. a5 Ne5 14. f4 Ned7 15. Nc4 Qc7 16. e4 b5 17.
axb6 Nxb6 18. Na5 Bd7 19. Nc6 Bxc6 20. dxc6 Nh5 21. Kh2 Bxc3 22. bxc3 Qxc6 23. Rxa6 Qc7 24. Rf2 Rbd8 25. Rfa2 Rd7 26. Qb3 Nc8 27. Ra8 Rde7 28. c4 Nf6 29. e5 dxe5 30. fxe5 Nh5 31. Bb2 Ng7 32. Bd5 Ne6 33. Qb8 Nb6 34. Qxe8+ Rxe8 35.
Rxe8+ Kg7 36. Bc1 Nd4 37. Bg5 Nxd5 38. cxd5 Nf3+ 39. Kg2 Nxg5 40. h4 Ne4 41. g4 Qb7 42. Raa8 Qxd5 43. Kf3 Nd6+ 44. Ke3 Nxe8 0-1

[Event "*** Titled Tuesday Blitz"]
[Site "Chess.com"]
[Date "2019.06.04"]
[Round "5"]
[White "JMatias"]
[Black "Torrentec"]
[Result "1-0"]
[WhiteElo "2435"]
[BlackElo "2398"]
[TimeControl "180+2"]
[EndTime "14:07:26 PDT"]
[Termination "JMatias won by checkmate"]

1. c4 e5 2. g3 Nc6 3. Bg2 Nf6 4.
Nc3 Bb4 5. Nd5 a5 6. e3 O-O 7.
Ne2 d6 8. O-O Nxd5 9. cxd5 Ne7 10. a3 Bc5 11. d4 Ba7 12. b3 Nf5 13. dxe5 dxe5 14. Bb2 Qe7 15. Rc1 Nd6 16. Nc3 Bf5 17. Na4 Rfd8 18. Qd2 h5 19. Qc3 f6 20. Qxc7 Rd7 21.
Qxa5 Qe8 22. Qb4 Bd3 23. Rfd1 e4 24. Bd4 Bxd4 25. Qxd4 Nb5 26. Qb4 Rad8 27. Rxd3 exd3 28. Qxb5 Qe7 29. Qxd3 Qxa3 30. Rd1 Rd6 31. Qc3 b5 32.
Ra1 b4 33. Rxa3 bxc3 34. Nxc3 Rb8 35. Bf1 Rc8 36. Bc4 Kh7 37. h4 Rb6 38. Ra7 Kh6 39.
Kg2 Rd8 40. Kf3 Rdd6 41. Ke4 g6 42. Kd4 Rd8 43. Rc7 Rbb8 44. Rf7 Rb6 45. Ne4 g5 46. Rxf6+ Rxf6 47. Nxf6 gxh4 48. gxh4 Kg6 49. Ne4 Kf5 50. f3 Rg8 51. d6 Rg7 52. Bb5 Ke6 53. d7 Ke7 54. Nc5 Rg6 55. Nb7 Rd6+ 56. Nxd6 Kd8 57.
Nf7+ Kc7 58. d8=Q+ Kb7 59. Qg5 Kb6 60. Qxh5 Ka5 61. Bc4+ Kb4 62. Qc5# 1-0

[Event "*** Titled Tuesday Blitz"]
[Site "Chess.com"]
[Date "2019.06.04"]
[Round "5"]
[White "BillForster"]
[Black "Rhinos1"]
[Result "1-0"]
[WhiteElo "1733"]
[BlackElo "2072"]
[TimeControl "180+2"]
[EndTime "14:07:33 PDT"]
[Termination "BillForster won by checkmate"]

1. d4 f5 2. Nc3 Nf6 3. Bg5 g6 4.
Qd2 Bg7 5. O-O-O h6 6. Be3 c6 7. h4 d5 8. f3 Be6 9. Kb1 Nbd7 10. Nh3 Bf7 11. Nf4 Nb6 12. h5 g5 13. Ng6 Bxg6 14.
hxg6 Nc4 15. Qc1 Qb6 16. Na4 Qb4 17. Nc5 O-O-O 18. Ne6 Rdg8 19. Nxg7 Nxe3 20. Qxe3 Rxg7 21. Qe6+ Kc7 22. Qxf5 Qd6 23. e3 e6 24. Qxf6 Rhg8 25. Rxh6 g4 26. Rh7 Qd7 27. Rxg7 Rxg7 28. Bd3 Kb6 29.
Rh1 gxf3 30. gxf3 e5 31. Qxe5 Re7 32. Qf4 Qe8 33. a3 Rxe3 34. g7 Re1+ 35. Rxe1 Qxe1+ 36. Ka2 Qg1 37. Qf7 Qxd4 38. g8=Q Ka5 39. Qb8 Qb6 40. Qbc7 d4 41. Qxb6+ axb6 42. Qe7 c5 43. Qxb7 c4 44. Qa7+ Kb5 45. Be4 c3 46. Qd7+ Kc4 47.
b3+ Kc5 48. Qc7+ Kb5 49. Bd3+ Ka5 50. Qa7# 1-0

[Event "*** Titled Tuesday Blitz"]
[Site "Chess.com"]
[Date "2019.06.04"]
[Round "5"]
[White "Vamostodorecto"]
[Black "Manukyan_Artak"]
[Result "0-1"]
[WhiteElo "2424"]
[BlackElo "2407"]
[TimeControl "180+2"]
[EndTime "14:07:34 PDT"]
[Termination "Manukyan_Artak won on time"]

1. d4 Nf6 2. c4 e6 3. Nc3 Bb4 4. e3 d5 5. Nf3 O-O 6. Bd3 dxc4 7. Bxc4 c5 8. O-O cxd4 9. exd4 Nc6 10. Bg5 Be7 11. a3 a6 12. Rc1 b5 13. Ba2 b4 14.
Na4 Bb7 15. Bb1 bxa3 16. bxa3 Rc8 17. Qd3 g6 18. Rfd1 Kg7 19. Ne5 Nxe5 20. dxe5 Nd5 21.
Bd2 Rxc1 22. Bxc1 Qa5 23. Nb2 Rd8 24. Nc4 Qc3 25. Bb2 Qxd3 26. Rxd3 Nf4 27. Rxd8 Bxd8 28.
Nd6 Bxg2 29. Ba2 Bd5 30. Bb1 Bb6 31. Kf1 Nh3 32. Bd3 a5 33. Ne8+ Kf8 34. Nf6 Nxf2 35.
Nd7+ Ke7 36. Bb5 Ba7 37. a4 Ng4 38. Ba3+ Kd8 39. Bd6 Nxh2+ 40. Ke2 Ng4 41. Nf8 h5 42. Nh7 Bd4 43. Ng5 h4 44. Nxf7+ Kc8 45. Kd3 Bb6 46. Be7 h3 47. Ba6+ Kb8 48. Bd6+ Ka7 49. Bb5 h2 0-1

[Event "*** Titled Tuesday Blitz"]
[Site "Chess.com"]
[Date "2019.06.04"]
[Round "5"]
[White "Aknok"]
[Black "Jabberwockiez"]
[Result "1/2-1/2"]
[WhiteElo "2421"]
[BlackElo "2252"]
[TimeControl "180+2"]
[EndTime "14:07:36 PDT"]
[Termination "Game drawn by repetition"]

1. d4 Nf6 2. c4 e6 3. Nf3 Bb4+ 4. Bd2 Qe7 5. g3 Bxd2+ 6. Qxd2 Nc6 7. Nc3 d5 8. cxd5 exd5 9. Bg2 O-O 10. O-O Re8 11. Rfe1 a6 12. Rad1 Bf5 13. Qg5 Qe6 14. Nh4 Bc2 15.
Rc1 h6 16. Qd2 Bh7 17. Qd1 Rad8 18. e3 Na5 19. b3 Nc6 20. Na4 b6 21. Nb2 Nb4 22. Qd2 a5 23. a3 Na6 24. Nd3 c5 25.
Ne5 Nd7 26. f4 Nxe5 27. fxe5 Rc8 28. Rf1 cxd4 29. exd4 Rxc1 30. Rxc1 Rc8 31. Rxc8+ Qxc8 32. Bf1 Nc7 33. Qc3 Qb7 34. Ng2 Ne6 35. Ne3 Be4 36.
Bh3 Qc7 37. Qxc7 Nxc7 38. a4 b5 39. Kf2 b4 40. Bg2 Bxg2 41. Kxg2 Ne6 42. Nc2 f6 43. exf6 gxf6 44. Kf3 f5 45. Ke3 Kf7 46. Ne1 Kf6 47. Nd3 h5 48. h4 Ke7 49. Nf4 Nxf4 50. Kxf4 Kf6 51. Kf3 Kf7 52. Ke3 Ke6 53. Kf3 Kf7 54. Kf4 Kf6 55. Ke3 Ke6 56. Kf3 Kf7 1/2-1/2

[Event "*** Titled Tuesday Blitz"]
[Site "Chess.com"]
[Date "2019.06.04"]
[Round "5"]
[White "witcher8"]
[Black "Taabling"]
[Result "1-0"]
[WhiteElo "2372"]
[BlackElo "2251"]
[TimeControl "180+2"]
[EndTime "14:07:36 PDT"]
[Termination "witcher8 won by resignation"]

1. e4 e5 2. Nf3 d5 3. exd5 Bd6 4. d4 e4 5. Nfd2 f5 6. Nc4 Be7 7. Ne3 Nf6 8. c4 O-O 9. Nc3 c6 10. Be2 f4 11. Nc2 cxd5 12. Bxf4 Nc6 13. Ne3 Be6 14. O-O Kh8 15. Bg5 dxc4 16. Bxf6 Bxf6 17. d5 Ne5 18. dxe6 Nd3 19. Nxe4 Bxb2 20. Rb1 Bd4 21. Bxd3 cxd3 22. Qxd3 Bxe3 23. Qxe3 Qe7 24. Nc3 Rae8 25. Rfe1 b6 26. Rbd1 h6 27. Rd7 Qf6 28. e7 Rf7 29. Rd8 Rxd8 30.
exd8=Q+ Qxd8 31. Qe8+ Qxe8 32. Rxe8+ Kh7 33. g3 Rc7 34.
Nb5 Rc5 35. Nxa7 Ra5 36. Nc8 Ra8 37. Nd6 Rxa2 38. Re7 Kg8 39. Nf5 Kf8 40. Rb7 g6 41. Nxh6 Rb2 42. h4 b5 43. Ng4 b4 44. Ne5 b3 45. Nxg6+ Ke8 46. h5 Rb1+ 47. Kg2 Kd8 48. h6 Kc8 49. Rb4 1-0

[Event "*** Titled Tuesday Blitz"]
[Site "Chess.com"]
[Date "2019.06.04"]
[Round "5"]
[White "PowerThinking2650"]
[Black "Gattass"]
[Result "1/2-1/2"]
[WhiteElo "2356"]
[BlackElo "2347"]
[TimeControl "180+2"]
[EndTime "14:07:38 PDT"]
[Termination "Game drawn by repetition"]

1. e4 c5 2. Nf3 d6 3. d4 cxd4 4. Nxd4 Nf6 5. Nc3 a6 6. Be3 e6 7. f3 b5 8. Qd2 Nbd7 9. g4 Nb6 10. g5 Nfd7 11. a3 Ne5 12. O-O-O Nbc4 13. Bxc4 Nxc4 14. Qd3 Nxe3 15. Qxe3 Qb6 16. h4 Bb7 17. h5 O-O-O 18.
Qd3 Be7 19. g6 Bg5+ 20. Kb1 e5 21. Nf5 hxg6 22. Nxd6+ Rxd6 23. Qxd6 Qxd6 24. Rxd6 gxh5 25. Nd5 h4 26. c4 bxc4 27. Nb6+ Kc7 28. Nxc4 h3 29.
Rdd1 Bf4 30. Na5 h2 31. Nxb7 Kxb7 32. Rd7+ Kc6 33. Rxf7 g5 34. Kc2 Rh3 35. Kc3 Rxf3+ 36. Kc4 g4 37. Rd1 Bg5 38. Rxf3 gxf3 39. Rh1 Bf4 40.
Kd3 Kc5 41. b3 a5 42. Kc3 Kb5 43. Kd3 a4 44. b4 Kb6 45. Kc4 Kc6 46. Kd3 Kb5 47.
Kc3 Bg3 48. Kd2 Bf4+ 49. Ke1 Bg3+ 50. Kd2 Bf4+ 51. Ke1 Bg3+ 52. Kd2 1/2-1/2

[Event "*** Titled Tuesday Blitz"]
[Site "Chess.com"]
[Date "2019.06.04"]
[Round "5"]
[White "Everyfishknows"]
[Black "marianokar"]
[Result "0-1"]
[WhiteElo "2234"]
[BlackElo "2428"]
[TimeControl "180+2"]
[EndTime "14:07:39 PDT"]
[Termination "marianokar won by resignation"]

1. Nf3 d5 2. c4 e6 3. b3 Nf6 4. g3 Be7 5. Bg2 O-O 6. O-O d4 7. Bb2 c5 8. e3 Nc6 9. exd4 cxd4 10. Re1 Ne8 11. Ne5 Nxe5 12. Rxe5 f6 13. Re1 Nc7 14. f4 Rb8 15. d3 b5 16. Nd2 Bb7 17. Bxb7 Rxb7 18.
Qf3 Rb6 19. Re2 Bb4 20. Ne4 f5 21. Nd2 Bc3 22. Nb1 b4 23. a3 a5 24. axb4 axb4 25.
Nxc3 dxc3 26. Bc1 Rd6 27. Re3 Na6 28. Qb7 Rb6 29. Qg2 Nc5 30. Qc2 Rd6 31. Ra7 Nxd3 32. Ra1 Nc5 33. Kf2 Rd1 34. Re1 Rxe1 35. Kxe1 Qd4 36.
Qd1 Qxd1+ 37. Kxd1 Nxb3 38. Rb1 Rd8+ 39. Kc2 Nd4+ 40.
Kd3 Nc6+ 41. Ke3 Rd1 42. Ke2 Rh1 43. Ra1 Rxh2+ 44. Kd3 Rh1 45. Bb2 Rxa1 46. Bxa1 Kf7 47. c5 Ke7 48. Kc4 Kd7 49. Kb5 Kc7 50. Kc4 h6 51.
Kb5 g5 52. fxg5 hxg5 53. Kc4 f4 54. gxf4 gxf4 55. Kd3 e5 56. Ke4 Kd7 57. Kd5 f3 0-1

[Event "*** Titled Tuesday Blitz"]
[Site "Chess.com"]
[Date "2019.06.04"]
[Round "5"]
[White "ozates"]
[Black "AsaHoffmann"]
[Result "1-0"]
[WhiteElo "2229"]
[BlackElo "2172"]
[TimeControl "180+2"]
[EndTime "14:07:42 PDT"]
[Termination "ozates won by resignation"]

1. e4 d6 2. d4 Nf6 3. Nc3 c6 4. f4 Qa5 5. e5 Nd5 6. Bd2 Bf5 7. Nf3 e6 8. Nxd5 Qxd5 9. c4 Qe4+ 10. Be2 dxe5 11. fxe5 Nd7 12. O-O O-O-O 13. Bc3 h6 14. Re1 g5 15. Bf1 Qc2 16. Qxc2 Bxc2 17. d5 cxd5 18.
cxd5 Bc5+ 19. Kh1 Bf5 20. d6 Kb8 21. Nd4 Bg6 22. b4 Bxd4 23. Bxd4 Rc8 24. Rec1 a6 25. a4 Rxc1 26. Rxc1 Be4 27. Rc7 Rd8 28. b5 axb5 29. Bxb5 Bc6 30. Bxc6 bxc6 31. a5 c5 32. Bc3 f6 33. exf6 Nxf6 34. Be5 Nd7 35. Bc3 e5 36. Kg1 e4 37. Kf2 Ka8 38. Ke3 Nb8 39. Be5 Na6 40. Rc6 Kb7 41. Rb6+ Ka7 42. Kxe4 Rd7 43. Kd5 c4 44. Kc6 c3 45. Kxd7 c2 46. Bb2 Nc5+ 47.
Ke8 1-0

[Event "*** Titled Tuesday Blitz"]
[Site "Chess.com"]
[Date "2019.06.04"]
[Round "5"]
[White "FMJoseHerrera"]
[Black "Philosopherrr"]
[Result "1-0"]
[WhiteElo "2606"]
[BlackElo "2361"]
[TimeControl "180+2"]
[EndTime "14:07:47 PDT"]
[Termination "FMJoseHerrera won by resignation"]

1. Nf3 Nf6 2. g3 g6 3. Bg2 Bg7 4. Nc3 O-O 5. d3 d5 6. h4 Bg4 7. Ne5 c6 8. Nxg4 Nxg4 9. h5 Nd7 10. e4 Ngf6 11. hxg6 hxg6 12. exd5 Nxd5 13. Nxd5 cxd5 14. Bh6 Qa5+ 15. c3 Nf6 16. Qd2 Bh8 17.
Bxf8 Rxf8 18. d4 Bg7 19. Qf4 Qb6 20. O-O-O Rc8 21. Kb1 e6 22. Ka1 Qd8 23. Qh4 b5 24. g4 a5 25. g5 Ne8 26. Rh3 Kf8 27. Qh7 Nd6 28. Qh4 b4 29. Qf4 Nf5 30. Rdh1 Ke7 31. cxb4 axb4 32. Rd1 Qc7 33. Qxc7+ Rxc7 34. Rb3 Nxd4 35.
Rbd3 b3 36. axb3 Nc2+ 37. Kb1 Nb4 38. Re3 Rc5 39. Re2 Kd6 40. Re4 Nc6 41. Rc4 Na5 42. Rxc5 Kxc5 43. Rc1+ Kd6 44. b4 Nc4 45. b3 Na3+ 46. Ka2 Nb5 47. Bf1 Nc3+ 48. Ka3 Bd4 49. b5 Kc5 50. b4+ Kb6 51. Kb3 Nxb5 52. Bxb5 Kxb5 53.
f3 Be3 54. Rc7 Bxg5 55. Rxf7 Bd2 56. Re7 g5 57. Rb7+ Kc6 58. Re7 Kd6 59. Rg7 Be1 60.
b5 Bd2 61. b6 Ba5 62. b7 Bc7 63. Rg8 Kc6 64. b8=Q Bxb8 65. Rxb8 Kd6 66. Rg8 Ke5 67. Rxg5+ Kf4 68. Rg6 e5 69. Rf6+ Ke3 70. Kc2 d4 71. Kd1 1-0

[Event "*** Titled Tuesday Blitz"]
[Site "Chess.com"]
[Date "2019.06.04"]
[Round "5"]
[White "fastestmindalive"]
[Black "Gentlejimmy7"]
[Result "0-1"]
[WhiteElo "2792"]
[BlackElo "2543"]
[TimeControl "180+2"]
[EndTime "14:07:49 PDT"]
[Termination "Gentlejimmy7 won by resignation"]

1. e4 c5 2. Nf3 e6 3. d4 cxd4 4. Nxd4 Nf6 5. Nc3 Nc6 6. Nxc6 bxc6 7. Bd3 d5 8. O-O Be7 9. e5 Nd7 10. Qh5 g6 11. Qe2 Qc7 12. f4 O-O 13. Rf3 c5 14. b3 a6 15. Rh3 Bb7 16. Bd2 Qb6 17. Kh1 Qc6 18. Rf1 f5 19. exf6 Bxf6 20. Rxh7 Bxc3 21.
Bxc3 d4 22. Bd2 Qxg2+ 23. Qxg2 Bxg2+ 24. Kxg2 Kxh7 25. h4 Rf6 26. h5 Nf8 27. Re1 Kg7 28.
Re5 Rc8 29. Bxa6 Ra8 30. Bd3 Rxa2 31. Rxc5 gxh5 32. Rxh5 Ng6 33. Kg3 Ra1 34. f5 exf5 35. Bh6+ Kf7 36. Bc4+ Ke8 37. Bg5 Rd6 38. Kf2 Ra2 39.
Bd3 Ne5 40. Bxf5 d3 41. Rh8+ Kf7 42. Rh7+ Kg8 43. Rc7 Rxc2+ 44. Rxc2 dxc2 45. Bxc2 Rc6 46. Be4 Rc3 47. Ke2 Kf7 48. Bd2 Rh3 49. Bd5+ Kf6 50. Ba5 Kf5 51. Kd2 Rd3+ 52. Kc2 Rxd5 53. Bc3 Ke6 54.
Kb2 Kd6 55. Bb4+ Kc6 56. Bc3 Nd3+ 0-1

[Event "*** Titled Tuesday Blitz"]
[Site "Chess.com"]
[Date "2019.06.04"]
[Round "5"]
[White "Antipov_Mikhail_Al"]
[Black "nrvisakh"]
[Result "1-0"]
[WhiteElo "2884"]
[BlackElo "2748"]
[TimeControl "180+2"]
[EndTime "14:07:50 PDT"]
[Termination "Antipov_Mikhail_Al won on time"]

1. e4 c5 2. Nf3 d6 3. d4 cxd4 4.
Nxd4 Nf6 5. Nc3 a6 6. f3 e5 7. Nb3 Be6 8. Be3 Be7 9. Qd2 O-O 10.
O-O-O a5 11. Kb1 a4 12. Nc1 a3 13. b3 Ra5 14. g4 d5 15. g5 d4 16. gxf6 Bxf6 17.
Qe1 Nd7 18. Nd5 Bxd5 19. Bd2 Ra8 20. exd5 Nb6 21. Ba5 Rxa5 22. Qxa5 Nxd5 23. Qxd8 Nc3+ 24. Ka1 Rxd8 25. Rd3 e4 26. fxe4 Nxe4 27. Bg2 Nc5 28. Re1 Nxd3 29. Nxd3 b6 30. Kb1 Bg5 31. Re5 Bf6 32. Rb5 Re8 33. Rxb6 h5 34. Kc1 Re2 35. Rxf6 gxf6 36. Bd5 Kf8 37. b4 Ke7 38. h4 Kd6 39. Bxf7 Rh2 40. Bxh5 Rxh4 41. Bf3 Rh3 42. Ba8 Rg3 43. Kd2 Rg1 44. Nc1 f5 45. Nb3 Ke5 46. b5 Rg6 47. Na5 Kd6 48. b6 Rg8 49.
Bf3 1-0

[Event "*** Titled Tuesday Blitz"]
[Site "Chess.com"]
[Date "2019.06.04"]
[Round "5"]
[White "maxip32"]
[Black "nocnypako"]
[Result "0-1"]
[WhiteElo "2432"]
[BlackElo "2564"]
[TimeControl "180+2"]
[EndTime "14:07:51 PDT"]
[Termination "nocnypako won by resignation"]

1. e4 c5 2. Nf3 d6 3. d4 cxd4 4. Qxd4 Nc6 5. Qe3 Nf6 6. c4 e6 7. Nc3 Be7 8. Be2 O-O 9. O-O Ng4 10. Qd2 a6 11. h3 Nge5 12. b3 Nxf3+ 13. Bxf3 Bf6 14.
Bb2 Nd4 15. Bd1 b5 16. Ne2 Nxe2+ 17. Bxe2 Bxb2 18. Qxb2 Qb6 19. Rfd1 Bb7 20. Qd4 Qxd4 21. Rxd4 bxc4 22. Bxc4 a5 23. f3 a4 24. Rxd6 axb3 25. Bxb3 Rfc8 26. Rad1 Bc6 27. Rc1 Be8 28. Rxc8 Rxc8 29.
Kf2 Kf8 30. Ke3 Rc3+ 31. Kd4 Rc1 32. Ra6 Rg1 33. g4 Rf1 34. Ke3 Rc1 35. Ra8 Ke7 36. e5 Rc3+ 37. Ke2 Bc6 38. Ra7+ Kf8 39. f4 Rxh3 40.
g5 Be4 41. Ra4 Bf3+ 42. Kd2 Bc6 43. Ra6 Be4 44. Ra4 Bc6 45. Ra7 Rf3 46. Rc7 Be4 47. Ba4 g6 48. Rc4 Bd5 49. Rd4 Ra3 50. Bb3 Bxb3 51. axb3 Rxb3 52. Ke2 Kg7 53. Kf2 Rh3 54. Rd7 h5 55. gxh6+ Rxh6 56. Kf3 Rh5 57. Kg4 Rf5 58. Rc7 g5 59. fxg5 Rxe5 60. Kh5 Rf5 61. Re7 Rc5 62. Rd7 Rf5 63. Re7 Kf8 64. Rb7 Kg7 65. Rc7 e5 66.
Re7 Kf8 67. Rc7 e4 68. Kh6 Re5 69. g6 fxg6 70. Kxg6 e3 71. Rc1 e2 72. Re1 Ke7 73. Kh6 Ke6 74. Kg6 Kd5 75. Kf6 Kd4 76. Kg6 Ke3 77. Kf6 Rd5 0-1

[Event "*** Titled Tuesday Blitz"]
[Site "Chess.com"]
[Date "2019.06.04"]
[Round "5"]
[White "Alexander_Donchenko"]
[Black "LazovT"]
[Result "1-0"]
[WhiteElo "2753"]
[BlackElo "2587"]
[TimeControl "180+2"]
[EndTime "14:07:52 PDT"]
[Termination "Alexander_Donchenko won by resignation"]

1. e4 c5 2. Nf3 d6 3. Bb5+ Nd7 4. d4 cxd4 5. Qxd4 a6 6. Bxd7+ Bxd7 7. Nc3 Rc8 8. O-O e5 9. Qd3 h6 10. Nd2 Be6 11.
Rd1 Nf6 12. Nf1 Be7 13. Ne3 O-O 14. a4 Qc7 15. a5 Qc5 16. Qe2 Bd8 17. Bd2 Bxa5 18.
Ncd5 Bd8 19. Bb4 Qc6 20. Bxd6 Re8 21. Nxf6+ Bxf6 22. Qf3 Qb5 23. Ba3 Bg5 24. Rd2 Red8 25. Rad1 Rxd2 26. Rxd2 Qa4 27. c3 Rd8 28. Rxd8+ Bxd8 29.
g3 Bb6 30. Nd5 Bd8 31. h4 Qd7 32. Ne3 b5 33. Kh2 a5 34. Nf5 Bb6 35. Ne7+ Kh7 36.
Nd5 Bd8 37. Bc5 f5 38. Ne3 g6 39. h5 Bg5 40. hxg6+ Kxg6 41. exf5+ Bxf5 42. Nxf5 Qxf5 43. Qc6+ Kh5 44. Qxb5 e4 45. Qe2+ Kg6 46. Bd4 Qf3 47. Qa6+ Kh5 48. Qe6 e3 49. Bxe3 Bxe3 50. Qxe3 Kg4 51.
Qxf3+ Kxf3 52. Kg1 h5 53. Kf1 a4 54. Ke1 1-0

[Event "*** Titled Tuesday Blitz"]
[Site "Chess.com"]
[Date "2019.06.04"]
[Round "5"]
[White "wonderfultime"]
[Black "KNVB"]
[Result "1-0"]
[WhiteElo "3019"]
[BlackElo "2706"]
[TimeControl "180+2"]
[EndTime "14:07:56 PDT"]
[Termination "wonderfultime won on time"]

1. Nf3 Nf6 2. d4 e6 3. Bf4 c5 4. c3 d5 5. e3 Bd6 6. Bg3 Qc7 7.
Nbd2 Nbd7 8. Bd3 O-O 9. Qe2 e5 10. dxe5 Nxe5 11. Nxe5 Bxe5 12. Nf3 Bxg3 13. hxg3 h6 14. O-O Be6 15. Rfd1 Rfd8 16. Rac1 Rd6 17. b4 b6 18. Qb2 Rad8 19. Rb1 Ne4 20. bxc5 bxc5 21.
Qc2 Nf6 22. Rb5 Rb6 23. Rdb1 Rdb8 24. a4 Bd7 25. Rxb6 Rxb6 26. Bb5 Qb8 27. Nd2 Bxb5 28. axb5 Rxb5 29. Ra1 Rb2 30. Qd3 Qb6 31. c4 d4 32.
exd4 cxd4 33. Nf3 Rb4 34. Nxd4 Qc5 35. Rc1 a5 36. Nf5 Rb8 37. g4 a4 38. Qg3 Ra8 39. Qf3 Ra7 40. Rd1 Qf8 41. Qe3 Ra8 42. g5 hxg5 43.
Qxg5 Nh7 44. Qh4 a3 45. Ne7+ Kh8 46. Nd5 a2 47. Ra1 Kg8 48. Ne7+ Kh8 49. Nd5 Kg8 50. Qd4 Qa3 51. c5 g6 52. c6 Rc8 53. Re1 Qd6 54. Ne7+ Qxe7 55. Rxe7 1-0